Map: Orbital Shipyard

Players

Kaldi - Winner!

  • Race: Zerg Zerg
  • League: Master

Nuckzer

  • Race: Zerg Zerg
  • League: Diamond

VOD

Have the link to the VOD?

Description

Time

  • Played on: Feb. 8, 2016, 6:11 p.m.
  • Length: 9:07
Show
View Real Time Build Order
Export as new Build Order

Kaldi Zerg - Winner!

Build Orders: Pool First 

Get SALT Encoding   

  12  0:17  Spawning Pool  
  11  0:22  Drone  
  12  0:29  Drone  
  12  0:34  Drone  
  14  0:40  Overlord  
  14  1:04  Zergling x4  
  14  1:05  Zergling x2, Queen  
  19  1:16  Zergling x2  
  20  1:27  Zergling x2  
  21  1:40  Hatchery  
  21  1:45  Drone  
  21  1:53  Drone  
  22  1:57  Extractor  
  22  1:59  Overlord  
  20  2:16  Drone  
  20  2:20  Drone  
  20  2:21  Drone x2  
  23  2:36  Drone  
  23  2:37  Queen  
  23  2:43  Drone  
  26  2:58  Drone  
  26  2:59  Drone  
  26  3:04  Drone x3  
  31  3:07  Drone  
  31  3:08  Metabolic Boost  
  31  3:11  Drone  
  33  3:20  Overlord  
  33  3:22  Drone  
  34  3:30  Baneling Nest  
  33  3:34  Drone  
  33  3:37  Overlord  
  33  3:40  Drone  
  33  3:41  Drone  
  36  3:51  Zergling x12  
  42  4:04  Zergling x4  
  42  4:07  Zergling x6  
  47  4:16  Baneling x4  
  47  4:19  Drone x4  
  47  4:21  Drone  
  52  4:24  Extractor, Overlord  
  52  4:25  Extractor x2  
  41  5:07  Drone x10  
  41  5:09  Lair  
  46  5:17  Zergling x4  
  48  5:21  Spine Crawler  
  48  5:23  Drone  
  48  5:27  Zergling x2  
  49  5:35  Roach Warren  
  48  5:36  Baneling x3  
  48  5:37  Spine Crawler  
  48  5:39  Zergling x6  
  48  5:40  Zergling x4  
  52  5:49  Zergling x8  
  55  5:58  Baneling x2  
  55  6:00  Baneling  
  50  6:14  Drone x7  
  50  6:17  Glial Reconstitution  
  56  6:22  Evolution Chamber  
  55  6:27  Drone x4  
  59  6:33  Baneling x2  
  59  6:35  Hatchery  
  58  6:46  Queen  
  58  6:48  Zerg Missile Weapons Level 1  
  58  6:55  Baneling  
  58  6:56  Baneling, Spire  
  58  6:58  Overseer  
  55  7:32  Overlord x5  
  55  7:55  Queen  
  57  8:07  Mutalisk  
  57  8:08  Mutalisk x9  
  77  8:17  Drone  
  77  8:18  Drone x5  
  83  8:21  Extractor  
  83  8:23  Mutalisk x2  
  86  8:33  Drone x3  
  89  8:38  Extractor  
Show
View Real Time Build Order
Export as new Build Order

Nuckzer Zerg 

Build Orders: Hatch First 

Get SALT Encoding   

  12  0:01  Drone  
  13  0:08  Drone  
  14  0:20  Overlord  
  14  0:34  Extractor, Drone  
  15  0:39  Drone x2  
  17  0:52  Hatchery  
  17  0:56  Drone  
  17  1:10  Spawning Pool  
  16  1:12  Drone  
  16  1:15  Extractor  
  16  1:17  Drone  
  17  1:20  Drone  
  18  1:33  Drone  
  18  1:39  Drone  
  20  1:58  Spine Crawler  
  20  1:59  Baneling Nest  
  19  2:01  Zergling x4, Queen  
  21  2:14  Zergling x4  
  20  2:24  Zergling x2  
  18  2:45  Drone  
  18  2:46  Drone  
  20  2:56  Drone  
  21  3:02  Baneling  
  21  3:11  Drone  
  21  3:12  Drone x2  
  24  3:18  Overlord  
  24  3:24  Drone  
  25  3:29  Metabolic Boost  
  25  3:32  Drone  
  26  3:43  Drone x3  
  26  3:46  Drone  
  30  3:53  Drone x2  
  32  4:02  Drone x2  
  34  4:03  Drone x2  
  34  4:08  Overlord  
  36  4:20  Baneling x2  
  36  4:27  Baneling x2  
  36  4:31  Zergling x14  
  39  4:38  Zergling x2  
  40  4:56  Baneling x2  
  40  4:57  Zergling x8  
  36  5:11  Zergling x6  
  36  5:12  Zergling x2  
  37  5:19  Queen  
  39  5:23  Zergling x4  
  39  5:27  Zergling x2  
  39  5:28  Zergling x2  
  43  5:36  Overlord  
  43  5:41  Baneling x3  
  43  5:43  Baneling  
  43  5:56  Zergling x12  
  41  6:12  Zergling x6  
  40  6:30  Extractor, Drone  
  40  6:31  Drone x5  
  45  6:34  Extractor x2  
  40  6:47  Baneling x4  
  40  6:51  Drone x2  
  40  6:52  Drone x2  
  40  6:53  Drone x4  
  48  6:58  Drone x2  
  48  7:18  Drone x2  
  48  7:19  Drone  
  49  7:38  Baneling x3  
  49  7:43  Zergling x4  
  49  7:44  Hatchery, Overlord x2  
  50  7:45  Overlord  
  50  7:48  Lair  
  50  8:01  Zergling x2  
  50  8:04  Baneling x2  
  51  8:12  Zergling x10  
  56  8:13  Zergling x8  
  60  8:23  Zergling x2  
  61  8:28  Baneling  
  61  8:42  Zergling x14  
  61  8:46  Spore Crawler  
  67  8:49  Spore Crawler  
  67  8:50  Spore Crawler x2  
  67  8:51  Hydralisk Den  
Tags
 
Add a new tag
Caveats
  • Supply blocks, unpowered buildings, or Contaminate may cause inaccurate times.
  • Supply counts are checked every 10 seconds.